 Dungeon Crawl Stone Soup version 0.31.0-12-g77e489cdc1 (webtiles) character file.

Game seed: 806587449214824972

99 Gadfly the Trooper (level 4, -1/49 HPs)
             Began as an Oni Berserker on Mar 2, 2024.
             Was a Believer of Trog.
             Slain by an orc
             ... wielding a +0 hand axe
              (3 damage)
             ... on level 3 of the Dungeon.
             The game lasted 00:02:43 (1867 turns).

Gadfly the Trooper (Oni Berserker)                  Turns: 1867, Time: 00:02:44

Health: -1/49      AC:  3    Str: 18 (21) XL:     4   Next: 72%
Magic:  4/4        EV: 10    Int:  6 (8)  God:    Trog [**....]
Gold:   69         SH:  0    Dex: 10 (13) Spells: 3/3 levels left

rFire   . . .        b - +3 dagger "Fipin" {freeze, *Slow rElec rN+++ Dex+3}
rCold   . . .        (no shield)
rNeg    + + +        e - +0 robe
rPois   .            (helmet restricted)
rElec   +            (no cloak)
rCorr   .            (gloves unavailable)
SInv    .            (boots unavailable)
Will    .....        (no amulet)
Stlth   +            (no ring)
HPRegen 0.28/turn    (no ring)
MPRegen 0.09/turn

%: slow self (1%)
@: attractive
A: large, unfitting armour, horns 1, tough skin 1, double potion healing,
drunken brawling
a: Renounce Religion, Berserk, Trog's Hand


You were on level 3 of the Dungeon.
You worshipped Trog.
Trog was pleased with you.
You visited 1 branch of the dungeon, and saw 3 of its levels.

You collected 69 gold pieces.

Inventory:

Hand Weapons
 a - a +0 mace
 b - the +3 dagger "Fipin" (weapon) {freeze, *Slow rElec rN+++ Dex+3}
   (You found it on level 2 of the Dungeon)

   Dex+3:     It affects your dexterity (+3).
   rElec:     It insulates you from electricity.
   rN+++:     It renders you almost immune to negative energy.
   *Slow:     It may slow you when you take damage.
Armour
 e - a +0 robe (worn)
Jewellery
 g - a ring of magical power
Scrolls
 f - a scroll of vulnerability
Potions
 c - a potion of might


   Skills:
 + Level 4.5 Fighting
 * Level 3.7 Maces & Flails
 * Level 1.8 Armour
 - Level 2.6 Dodging
 * Level 1.7 Evocations


You had 3 spell levels left.
You didn't know any spells.
Your spell library was empty.

Dungeon Overview and Level Annotations

Branches:
Dungeon (3/15)

Altars:

Shops:
D:1 *=


Innate Abilities, Weirdness & Mutations

You are too large for most types of armour.
You have a pair of small horns on your head.
You have tough skin. (AC +1)
You gain doubled healing and magic from potions.
Whenever you drink a healing potion, you attack all around you.


Message History

You are too injured to fight recklessly!
You hit the ribbon worm. You freeze the ribbon worm.
You kill the ribbon worm!
Trog accepts your kill. The orc closely misses you.
You barely miss the orc. The orc closely misses you.
The orc hits you with a +0 hand axe.
You hit the orc. You freeze the orc.
The orc is moderately wounded.
The orc barely misses you.
You barely miss the orc. The orc barely misses you.
The orc hits you with a +0 hand axe. The orc hits you but does no damage.
You hit the orc but do no damage. You headbutt the orc.
The orc is heavily wounded.
The orc barely misses you. The orc closely misses you.
The orc hits you with a +0 hand axe.
* * * LOW HITPOINT WARNING * * *
You hit the orc but do no damage. Your headbutt misses the orc.
The orc is heavily wounded.
The orc hits you with a +0 flail.
* * * LOW HITPOINT WARNING * * *
The orc barely misses you. The orc hits you but does no damage.
The orc barely misses you. The orc attacks as it pursues you!
The orc closely misses you. The orc attacks as it pursues you!
The orc hits you with a +0 flail.
* * * LOW HITPOINT WARNING * * *
You hit the orc. You freeze the orc.
The orc is moderately wounded.
The orc hits you with a +0 flail.
* * * LOW HITPOINT WARNING * * *
You hit the orc. You freeze the orc.
You kill the orc!
Trog accepts your kill.
It was a potion of attraction.
You feel attractive to monsters. The orc barely misses you.
You hit the orc. You freeze the orc.
The orc is severely wounded.
The orc hits you with a +0 hand axe.
You die...

........#..# ##.........#### #.
#.# #......#......# # #.#
#.###...#......##.#####.#
#..##..............##...#...##
##....###...##................
.o....###...##..##.##..<..#
#....##...##..##....#......#
.####.)...#†)oo@........##....##
......).....####.........###..#
o######.†..............#.# ....
###..##.............. ...
.................##.# ##
..##...###......... ... ..
#.#..##.......... ..# ..
#.##..#.......##.# .. ... #.#
#..####..>. .#


You could see 2 orcs.

Vanquished Creatures
  Jessica (D:2)
  A gnoll (D:1)
  2 dart slugs (D:2)
  3 ribbon worms
  2 orcs (D:3)
  6 ball pythons
  4 endoplasms
  2 giant cockroaches (D:1)
  3 goblins
  6 hobgoblins
  3 jackals (D:3)
  A bat (D:1)
  3 frilled lizards (D:1)
  6 kobolds
  6 rats
49 creatures vanquished.

Notes
Turn   | Place    | Note
-------+----------+-------------------------------------------
     0 | D:1      | Gadfly the Oni Berserker began the quest for the Orb.
     0 | D:1      | Reached XP level 1. HP: 24/24 MP: 1/1
    59 | D:1      | Found Nihov's General Store.
    76 | D:1      | Found Fayvyngo's Jewellery Shoppe.
   291 | D:1      | Reached XP level 2. HP: 32/32 MP: 2/2
   499 | D:1      | Reached skill level 1 in Armour
   499 | D:1      | Reached XP level 3. HP: 29/39 MP: 3/3
   501 | D:1      | Reached skill level 1 in Evocations
  1007 | D:2      | Noticed Jessica
  1014 | D:2      | Killed Jessica
  1015 | D:2      | Reached XP level 4. HP: 41/49 MP: 4/4
  1016 | D:2      | Reached ** piety under Trog
  1650 | D:2      | Identified the +3 dagger "Fipin" {freeze, *Slow rElec rN+++
                  | Dex+3}
  1864 | D:3      | HP: 1/49 [orc/+0 flail (5)]
  1867 | D:3      | Slain by an orc

Illustrated notes

Levels and vault maps discovered:
D:1:      dpeg_arrival_three_bigger_balls, layout_loops_corners, serial_shops,
          nicolae_shop_advertising_works [nicolae_subvault_shop_adworks], shop,
          chequers_serial_rivers_micro_e
D:2:      layout_loops_ring, uniq_jessica
D:3:      layout_rooms, general_overflow_altar

Skill      XL: |  1  2  3 |
---------------+----------+-----
Armour         | 1 |  1.8
Evocations     | 1 |  1.7
Fighting       | |  4.5
Maces & Flails | |  3.7
Dodging        | |  2.6

Action                     |  1- 3 |  4- 6 || total
---------------------------+-------+-------++-------
  Melee: Mace              |    64 |    49 ||   113
         Headbutt          |     2 |    19 ||    21
         Dagger            |       |    31 ||    31
         Punch             |       |     1 ||     1
    Use: Scroll            |     1 |     3 ||     4
         Potion            |       |     2 ||     2
 Armour: Animal skin       |    46 |       ||    46
         Robe              |       |    57 ||    57
         Skin              |       |     1 ||     1
  Dodge: Dodged            |    29 |    51 ||    80
